 Dungeon Crawl Stone Soup version 0.30-a0-6-g7c9e10e132 (webtiles) character file.

Game seed: 8751722077624582434

150 SensoryNuts the Trooper (level 5, -5/46 HPs)
             Began as a Draconian Fighter on Aug 22, 2022.
             Killed from afar by an orc wizard (11 damage)
             ... with a puff of flame
             ... on level 3 of the Dungeon.
             The game lasted 00:02:20 (2344 turns).

SensoryNuts the Trooper (Draconian Fighter)         Turns: 2344, Time: 00:02:20

Health: -5/46      AC:  5    Str: 20    XL:     5   Next: 10%
Magic:  5/5        EV: 12    Int:  9    God:
Gold:   120        SH:  4    Dex: 10    Spells: 4/4 levels left

rFire   . . .      SeeInvis .    a - +0 war axe
rCold   . . .      Faith    .    b - +0 buckler
rNeg    . . .      Spirit   .    (body armour unavailable)
rPois   .          Reflect  .    (helmet restricted)
rElec   .          Harm     .    (no cloak)
rCorr   .          Rampage  .    (no gloves)
Will    .....                    (no boots)
Stlth   +.........               (no amulet)
HPRegen 0.15/turn                (no ring)
MPRegen 0.09/turn                (no ring)

@: on berserk cooldown, hasted and slowed
A: AC +5, unfitting armour, cold-blooded
a: no special abilities


You were on level 3 of the Dungeon.
You visited 1 branch of the dungeon, and saw 3 of its levels.

You collected 120 gold pieces.

Inventory:

Hand Weapons
 a - a +0 war axe (weapon)
Armour
 b - a +0 buckler (worn)
Scrolls
 e - 2 scrolls of teleportation {unknown}
 f - 4 scrolls of identify {unknown}
 g - a scroll of brand weapon {unknown}
 h - a scroll of silence {unknown}
 i - a scroll of noise {unknown}
 j - a scroll of fear {unknown}
 k - a scroll of immolation {unknown}


   Skills:
 + Level 3.9 Fighting
 * Level 3.9 Axes
 + Level 3.2 Dodging
 + Level 0.7 Stealth
 + Level 3.5 Shields


You had 4 spell levels left.
You didn't know any spells.
Your spell library contained the following spells:

 Spells                   Type           Power      Damage    Failure   Level
 Static Discharge         Conj/Air       0%         3-3/arc   63%         2
 Lightning Bolt           Conj/Air       0%         1d11      100%        5
 Maxwell's Capacitive Co  Air            0%         ∞         100%        8


Dungeon Overview and Level Annotations

Branches:
Dungeon (3/15)

Altars:
Kikubaaqudgha


Innate Abilities, Weirdness & Mutations

Your plain brown scales are hard. (AC +5)
You cannot fit into any form of body armour.
You are cold-blooded and may be slowed by cold attacks.


Message History

It was a potion of berserk rage.
A red film seems to cover your vision as you go berserk!
You feel yourself moving faster!
You feel mighty! Something hits you but does no damage.
You're too confused to attack without stumbling around!
You're too confused to attack without stumbling around!
You're too confused to attack without stumbling around!
You bump into the rock wall.
You feel a strong urge to attack something.
Something hits you.
* * * LOW HITPOINT WARNING * * *
You bump into the rock wall.
You hear some strange, mumbled words.
A magic dart appears from out of thin air!
The magic dart hits you.
* * * LOW HITPOINT WARNING * * *
You feel your anger nearly subside.
You are no longer berserk.
You are exhausted.
You feel yourself slow down.
You hear some strange, mumbled words.
A magic dart appears from out of thin air!
The magic dart hits you but does no damage.
You're too confused to move!
You feel less confused. Something hits you but does no damage.
You barely miss something. Something hits you but does no damage.
Something hits you.
* * * LOW HITPOINT WARNING * * *
The orc throws a boomerang.
The boomerang barely misses you. Something hits you.
* * * LOW HITPOINT WARNING * * *
You feel yourself speed up. Something hits you.
* * * LOW HITPOINT WARNING * * *
You closely miss something. Something hits you but does no damage.
You barely miss something.
You hear some strange, mumbled words.
A puff of flame appears from out of thin air!
The puff of flame hits you!
You die...

#### #... #....
#.... #.....
####
#.....####.....
....o.oo....S$.
#{# #@# #.# #.#
#<# ##....o..
....... .......
....... #######


You could see 2 orcs.

Vanquished Creatures
  Terence (D:2)
  3 gnolls (D:2)
  2 adders
  2 dart slugs (D:1)
  2 orcs (D:3)
  3 bats
  3 endoplasms
  13 goblins
  8 hobgoblins
  6 jackals
  2 quokkas (D:1)
  3 ball pythons
  5 frilled lizards
  7 kobolds
  6 rats
66 creatures vanquished.

Notes
Turn   | Place    | Note
-------+----------+-------------------------------------------
     0 | D:1      | SensoryNuts the Draconian Fighter began the quest for the
                  | Orb.
     0 | D:1      | Reached XP level 1. HP: 19/19 MP: 1/1
   209 | D:1      | Reached XP level 2. HP: 26/26 MP: 2/2
   621 | D:1      | Reached XP level 3. HP: 31/31 MP: 3/3
  1287 | D:2      | Reached XP level 4. HP: 35/40 MP: 4/4
  1582 | D:2      | Noticed Terence
  1609 | D:2      | Killed Terence
  2075 | D:2      | Found an ancient bone altar of Kikubaaqudgha.
  2235 | D:2      | Reached XP level 5. HP: 46/46 MP: 5/5
  2344 | D:3      | Killed from afar by an orc wizard

Illustrated notes

Levels and vault maps discovered:
D:1:      dpeg_arrival_morbid_curiosity, layout_basic
D:2:      layout_rooms, basic_altar, uniq_terence
D:3:      layout_basic, grunt_temple_overflow_bloody_war, gammafunk_ghost_grave,
          kennysheep_generic_room_14, uniq_jessica

Skill      XL: |  1  2  3 |
---------------+----------+-----
Dodging        | 3 |  3.2
Axes           | 3 |  3.9
Fighting       | |  3.9
Stealth        | |  0.7
Shields        | |  3.5

Action                   |  1- 3 |  4- 6 || total
-------------------------+-------+-------++-------
Melee: War axe           |   116 |    78 ||   194
       Tailslap          |    14 |     5 ||    19
  Use: Potion            |       |     4 ||     4
Armor: Skin              |    44 |    22 ||    66
Dodge: Dodged            |    99 |    50 ||   149
Block: Buckler           |    33 |    20 ||    53

Table legend: (Time is in decaauts)
 A = Elapsed time spent in this place.
 B = Non-inter-level travel time spent in this place.
 C = Inter-level travel time spent in this place.
 D = Time resting spent in this place.
 E = Time spent auto-exploring this place.
 F = Levels seen in this place.
 G = Mean time per level.
                   A        B        C        D        E       F      G
               +--------+--------+--------+--------+--------+-----+--------+
         Total |   2409 |   2367 |     42 |      0 |   1890 |   3 |  803.0 |
       Dungeon |   2409 |   2367 |     42 |      0 |   1890 |   3 |  803.0 |
               +--------+--------+--------+--------+--------+-----+--------+

Top non-repeatable levels by time:
     D:1: 1252 daAuts
     D:2: 1119 daAuts
     D:3: 38 daAuts
